 Dungeon Crawl Stone Soup version 0.26.0-9-gab577f9fc5 (webtiles) character file.

Game seed: 10763986011698206111

153 Froggeryz the Skirmisher (level 5, -1/46 HPs)
             Began as a Hill Orc Hedge Wizard on Jan 13, 2021.
             Succumbed to a killer bee's poison
             ... on level 5 of the Dungeon.
             The game lasted 00:04:41 (2635 turns).

Froggeryz the Skirmisher (Hill Orc Hedge Wizard)    Turns: 2635, Time: 00:04:42

Health: -1/46      AC: 12    Str: 14    XL:     5   Next: 35%
Magic:  8/8        EV:  6    Int: 15    God:
Gold:   5          SH:  5    Dex: 10    Spells: 7/8 levels left

rFire    + . .     SeeInvis .   k - +0 hand axe
rCold    . . .     Faith    .   (no shield)
rNeg     . . .     Spirit   .   b - +0 chain mail
rPois    .         Reflect  +   d - +2 helmet {Int+3}
rElec    .         Harm     .   (no cloak)
rCorr    .         Rampage  .   l - +0 pair of gloves
Will     .....                  (no boots)
Stlth    ..........             i - amulet of reflection
HPRegen  0.15/turn              n - ring of flight
MPRegen  0.11/turn              (no ring)

@: lethally poisoned (-1 -> -17)
A: dopey 1, fire resistance 1
a: Evoke Flight


You were on level 5 of the Dungeon.
You visited 1 branch of the dungeon, and saw 6 of its levels.

You collected 139 gold pieces.
You spent 134 gold pieces at shops.

Inventory:

Hand Weapons
 f - a +3 hunting sling
 k - a +0 hand axe (weapon)
Missiles
 g - 120 stones
 m - 4 javelins
Armour
 b - a +0 chain mail (worn)
 d - a +2 helmet of intelligence (worn)
 l - a +0 pair of gloves (worn)
 o - a +0 tower shield
Jewellery
 i - an amulet of reflection (around neck)
 n - a ring of flight (left hand)
Wands
 s - a wand of polymorph (10)
Scrolls
 a - a scroll of blinking {unknown}
 c - 2 scrolls of remove curse {unknown}
 e - 2 scrolls of teleportation
 j - 11 scrolls of identify {unknown}
 p - a scroll of random uselessness {unknown}
 q - a scroll of magic mapping {unknown}


   Skills:
 + Level 4.1 Fighting
 * Level 3.3 Axes
 - Level 2.0 Armour
 - Level 1.5 Dodging
 - Level 1.5 Stealth
 - Level 2.4 Spellcasting
 - Level 1.0 Conjurations
 - Level 1.0 Summonings
 - Level 0.7 Translocations


You had 7 spell levels left.
You knew the following spells:

 Your Spells              Type           Power        Failure   Level
a - Magic Dart            Conj           16%          98%         1

Your spell library contained the following spells:

 Spells                   Type           Power        Failure   Level
 Blink                    Tloc           N/A          99%         2
 Call Imp                 Summ           4%           99%         2
 Slow                     Hex            1%           100%        2
 Conjure Flame            Conj/Fire      3%           100%        3
 Mephitic Cloud           Conj/Pois/Air  2%           100%        3


Dungeon Overview and Level Annotations

Branches:
Dungeon (6/15)
 Temple: D:4-7

Altars:
Trog

Shops:
D:5 *


Innate Abilities, Weirdness & Mutations

You are dopey. (Int -2)
Your flesh is heat resistant. (rF+)


Message History

You feel sick.
The killer bee stings you but does no damage.
The killer bee barely misses you.
You hit the killer bee.
The killer bee is almost dead.
* * * LOW HITPOINT WARNING * * *
You feel sick. The killer bee barely misses you.
You block the killer bee's attack.
You aren't carrying any potions.
Your chain mail prevents you from hitting the killer bee.
The killer bee is almost dead.
* * * LOW HITPOINT WARNING * * *
You feel sick. You block the killer bee's attack.
The killer bee barely misses you. The killer bee stings you.
* * * LOW HITPOINT WARNING * * *
You are more poisoned.
The killer bee poisons you!
You hit the killer bee.
The killer bee is almost dead.
You die...

.#...........#
..........####
............#
......##.##.###########
.........##..#........##
...####...##...........#
### ###.####.........#
..####..####.. .......@#
#####..y# ##..# #...
#.... ##.... ......
.##...# # ####


You could see a killer bee.

Vanquished Creatures
  A water moccasin skeleton (D:5)
  Terence (D:2)
  An adder (D:2)
  An ooze (D:3)
  2 dart slugs (D:1)
  3 leopard geckos
  2 orcs
  4 giant cockroaches
  4 goblins
  8 hobgoblins
  4 jackals (D:5)
  6 kobolds
  3 quokkas
  A ball python (D:2)
  6 bats
  4 frilled lizards
  11 rats
62 creatures vanquished.

Notes
Turn   | Place    | Note
-------+----------+-------------------------------------------
     0 | D:1      | Froggeryz the Hill Orc Hedge Wizard began the quest for the
                  | Orb.
     0 | D:1      | Reached XP level 1. HP: 14/14 MP: 3/3
    99 | D:1      | Reached skill level 1 in Fighting
   149 | D:1      | Reached XP level 2. HP: 15/23 MP: 1/5
   372 | D:1      | Reached skill level 1 in Armour
   396 | D:1      | Reached skill level 2 in Fighting
   814 | D:2      | Reached XP level 3. HP: 30/30 MP: 6/6
   953 | D:2      | Noticed Terence
   968 | D:2      | Killed Terence
   969 | D:2      | Reached skill level 3 in Fighting
  1137 | D:2      | Found a bloodstained altar of Trog.
  1139 | D:2      | Reached XP level 4. HP: 38/38 MP: 7/7
  1240 | D:2      | Reached skill level 1 in Axes
  2377 | D:4      | You fall into a shaft and drop 2 floors!
  2378 | D:6      | Noticed a bullfrog
  2440 | D:5      | Entered Level 5 of the Dungeon
  2447 | D:5      | Found Ymofus's Assorted Antiques.
  2466 | D:5      | Gained mutation: You are dopey. (Int -2) [potion of
                  | mutation]
  2466 | D:5      | Gained mutation: Your flesh is heat resistant. (rF+)
                  | [potion of mutation]
  2514 | D:5      | Bought a scroll labelled JOQYTW YKULO for 28 gold pieces
  2514 | D:5      | Bought a scroll labelled ECKEXK MOFUPA for 28 gold pieces
  2514 | D:5      | Bought a scroll labelled GAICUU SATUS for 28 gold pieces
  2514 | D:5      | Bought a pink potion for 25 gold pieces
  2514 | D:5      | Bought a puce potion for 25 gold pieces
  2585 | D:5      | Reached skill level 4 in Fighting
  2585 | D:5      | Reached XP level 5. HP: 25/46 MP: 8/8
  2634 | D:5      | HP: 1/46 [killer bee (2)]
  2635 | D:5      | Succumbed to a killer bee's poison

Illustrated notes

Levels and vault maps discovered:
D:1:      tarquinn_simple_flora_water_e, layout_rooms
D:2:      layout_loops_ring, minmay_misc_feat_four_crosses, trog_butcher_becter,
          uniq_terence
D:3:      layout_loops_corners
D:4:      layout_basic, gup_ossuary_entry_pyramid
D:5:      layout_rooms, minmay_temple_entry_drinking_statues, serial_shops,
          shop, corexii_shack, kennysheep_generic_room_4, uniq_eustachio,
          uniq_menkaure
D:6:      layout_cave_pools, serial_shops, shop, hangedman_abyss_or_decor_passed

Skill      XL: |  1  2  3  4 |
---------------+-------------+-----
Fighting       | 1 2 3 4 |  4.1
Armour         | 1 2 |  2.0
Axes           | 3 |  3.3
Dodging        | |  1.5
Stealth        | |  1.5
Spellcasting   | |  2.4
Conjurations   | |  1.0
Summonings     | |  1.0
Translocations | |  0.7

Action                   |  1- 3 |  4- 6 || total
-------------------------+-------+-------++-------
Melee: Dagger            |    16 |       ||    16
       Hand axe          |       |    46 ||    46
 Fire: Hunting sling     |    67 |    95 ||   162
 Cast: Magic Dart        |     5 |       ||     5
Evoke: Wand              |       |     1 ||     1
  Use: Potion            |       |     5 ||     5
       Scroll            |       |     2 ||     2
 Stab: Sleeping          |     1 |       ||     1
Armor: Robe              |     5 |       ||     5
       Ring mail         |    15 |       ||    15
       Chain mail        |       |    82 ||    82
       Skin              |       |     7 ||     7
Dodge: Dodged            |    17 |    34 ||    51
Block: Other             |     6 |    32 ||    38
